 Dungeon Crawl Stone Soup version 0.24-a0-201-gf205589 (webtiles) character file.

Game seed: 11549084175298529845

31 Azzok the Shield-Bearer (level 3, -1/26 HPs)
             Began as an Octopode Fighter on Mar 21, 2019.
             Succumbed to a kobold's poison
             ... on level 2 of the Dungeon.
             The game lasted 00:01:54 (1322 turns).

Azzok the Shield-Bearer (Octopode Fighter)          Turns: 1322, Time: 00:01:55

Health: -1/26      AC:  1    Str: 16    XL:     3   Next: 22%
Magic:  3/3        EV: 11    Int: 10    God:
Gold:   96         SH:  9    Dex: 11    Spells: 2/2 levels left

rFire    . . .     SeeInvis .   i - +1 dagger (holy)
rCold    . . .     Gourm    .   b - +0 shield
rNeg     . . .     Faith    .   (helmet restricted)
rPois    .         Spirit   .   (no amulet)
rElec    .         Reflect  .   (no ring)
rCorr    .         Harm     .   (no ring)
MR       .....                  (no ring)
Stlth    ++........             (no ring)
HPRegen  0.08/turn              (no ring)
MPRegen  0.08/turn              (no ring)
                                (no ring)
                                (no ring)

@: lethally poisoned (-1 -> -21), hasted, very quick
A: almost no armour, stealthy swim, amphibious, 8 rings, constrict 8, camouflage
1, gelatinous body 1
a: no special abilities


You were on level 2 of the Dungeon.
You were not hungry.

You visited 1 branch of the dungeon, and saw 2 of its levels.

You collected 96 gold pieces.

Inventory:

Hand Weapons
 a - a +0 rapier
 i - a +1 dagger of holy wrath (weapon)
Armour
 b - a +0 shield (worn)
Scrolls
 e - 3 scrolls of identify {unknown}
 g - 3 scrolls of teleportation {unknown}
 h - a scroll of enchant armour {unknown}
Potions
 c - 2 potions of might
 j - a potion of heal wounds {unknown}
 k - a potion of haste
Comestibles
 d - a ration


   Skills:
 - Level 3.0 Fighting
 + Level 2.9 Short Blades
 - Level 3.0 Dodging
 + Level 3.6 Shields


You had 2 spell levels left.
You didn't know any spells.
Your spell library was empty.

Dungeon Overview and Level Annotations

Branches:
Dungeon (2/15)

Altars:


Innate Abilities, Weirdness & Mutations

You cannot wear most types of armour.
You are very stealthy in the water. (Stealth+)
You are amphibious.
You can wear up to eight rings at the same time.
You can use your tentacles to constrict eight enemies at once.
Your skin changes colour to match your surroundings (Stealth+).
Your rubbery body absorbs attacks. (AC +1, EV +1)


Message History

* * * LOW HITPOINT WARNING * * *
You feel sick.
The kobold hits you with a +2 whip of venom.
* * * LOW HITPOINT WARNING * * *
You are more poisoned.
You closely miss the kobold. You grab the kobold. You constrict the kobold.
* * * LOW HITPOINT WARNING * * *
You feel sick. You block the kobold's attack.
You completely miss the kobold.
The kobold is moderately wounded.
You constrict the kobold.
* * * LOW HITPOINT WARNING * * *
You feel sick. The kobold barely misses you.
You hit the kobold.
You kill the kobold!
* * * LOW HITPOINT WARNING * * *
You feel sick.
There is a lethal amount of poison in your body!
It was a potion of haste.
You feel yourself speed up.
You die...

▒·▒ ···· ▒·▒ ·········▒▒
· ▒·▒ ··········· ·
▒·▒▒▒▒▒········▒·▒·▒
▒·▒············▒·▒·▒▒▒▒·
▒·▒··············▒······
▒·······················
··÷··············)·····▒
···((···········@······▒
··········▒▒▒▒··········
··········▒▒▒▒·▒▒▒▒▒▒▒▒▒
▒▒·▒▒▒·········▒ ▒·▒
▒······(··▒ ▒·▒
▒·········▒ ▒·▒
▒·········▒ ▒·▒
▒·········▒
▒·▒▒▒▒▒·▒▒▒▒▒▒▒


There were no monsters in sight!

Vanquished Creatures
  A worm (D:2)
  2 dart slugs (D:1)
  2 giant cockroaches (D:1)
  A goblin (D:1)
  4 hobgoblins (D:1)
  3 bats
  2 frilled lizards (D:1)
  7 kobolds
  2 rats (D:1)
24 creatures vanquished.

Notes
Turn   | Place    | Note
-------+----------+-------------------------------------------
     0 | D:1      | Azzok the Octopode Fighter began the quest for the Orb.
     0 | D:1      | Reached XP level 1. HP: 16/16 MP: 1/1
   277 | D:1      | Reached XP level 2. HP: 16/21 MP: 2/2
   792 | D:1      | Reached XP level 3. HP: 24/26 MP: 3/3
  1321 | D:2      | HP: 1/26 [poisoned by a kobold]
  1322 | D:2      | Succumbed to a kobold's poison

Levels and vault maps discovered:
D:1:      dpeg_arrival_boxorama, layout_basic
D:2:      layout_basic, kiku_gazebo_garden_becter, first_ration

Action                   || total
-------------------------++-------
Melee: Rapier            ||    21
       Constrict         ||    14
       Tentacles         ||     8
       Dagger            ||    42
  Use: Potion            ||     1
 Stab: Sleeping          ||     3
  Eat: Chunk             ||     1
Armor: Skin              ||     4
Dodge: Dodged            ||    30
Block: Shield            ||    32

Table legend:
 A = Non-vault XP
 B = Vault XP
 C = Vault XP percentage of total XP
 D = Non-vault monster count
 E = Vault monster count
 F = Vault count percentage of total count
                 A         B        C        D         E       F
            +---------+---------+-------+---------+---------+-------
      Total |      45 |       0 |   0.0 |      24 |       0 |   0.0
            +---------+---------+-------+---------+---------+-------
        D:1 |      36 |       0 |   0.0 |      20 |       0 |   0.0
        D:2 |       9 |       0 |   0.0 |       4 |       0 |   0.0
            +---------+---------+-------+---------+---------+-------
